 Dungeon Crawl Stone Soup version 0.20-a0-839-gdaf5c57 (webtiles) character file.

42 4thArraOfDagon the Skirmisher (level 3, -12/29 HPs)
             Began as a Vampire Wanderer on Mar 8, 2017.
             Was a Follower of Ashenzari.
             Hit by a tomahawk thrown by an orc warrior (18 damage)
             ... on level 6 of the Dungeon.
             The game lasted 00:02:49 (743 turns).

4thArraOfDagon the Skirmisher (Vampire Wanderer)     Turns: 743, Time: 00:02:50

Health: -12/29     AC:  8    Str: 12    XL:     3   Next: 33%
Magic:  3/3        EV:  9    Int: 19    God:    Ashenzari [*.....]
Gold:   102        SH:  0    Dex: 11    Spells: 2/2 levels left

rFire    . . .     SeeInvis +   i - +1 dagger (vamp)
rCold    . . .     Gourm    .   a - +2 scale mail
rNeg     . . .     Faith    .   (no shield)
rPois    .         Spirit   .   (no helmet)
rElec    .         Reflect  .   (no cloak)
rCorr    .         Harm     .   (no gloves)
MR       .....                  (no boots)
Stlth    ..........             (no amulet)
Regen    0.3/turn               (no ring)
MPRegen  0.1/turn               l - +3 ring of intelligence

@: regenerating quickly
A: fangs 3, see invisible, unbreathing
a: Curse Item, Scrying, Renounce Religion


You were on level 6 of the Dungeon.
You worshipped Ashenzari.
Ashenzari was aware of your devotion.
You were very full.

You visited 1 branch of the dungeon, and saw 4 of its levels.

You collected 102 gold pieces.

Inventory:

Hand Weapons
 b - a +0 hand crossbow
 i - a +1 vampiric dagger (weapon)
Missiles
 c - 24 bolts
Armour
 a - a +2 scale mail (worn)
Jewellery
 l - a +3 ring of intelligence (left hand)
Scrolls
 g - 2 scrolls of teleportation {unknown}
 h - 2 scrolls of enchant weapon {unknown}
 j - a scroll of remove curse
 k - 3 scrolls of identify {unknown}
Potions
 d - 2 potions of curing
 e - a potion of blood
 f - 3 potions of ambrosia {unknown}
 m - a potion of flight {unknown}


   Skills:
 * Level 3.4 Fighting
 - Level 1.1 Short Blades
 - Level 1.5 Crossbows
 - Level 1.0 Throwing
 - Level 1.5 Armour
 - Level 1.1 Dodging
 - Level 1.5 Stealth


You had 2 spell levels left.
You didn't know any spells.

Dungeon Overview and Level Annotations

Branches:
Dungeon (3/15)

Altars:
Ashenzari
Fedhas


Innate Abilities, Weirdness & Mutations

Your natural rate of healing is unusually fast.
You have razor-sharp teeth.
You have supernaturally acute eyesight. (SInv)
You can survive without breathing.


Message History

An ice beast, 2 orcs, an orc warrior and 2 orc priests come into view.
The orc priest shouts! x2; The orc shouts!
Found 10 gold pieces and 2 bread rations.
Found a blossoming altar of Fedhas.
Found two stone staircases leading down and a stone staircase leading up.
Unknown command.
Unknown command.
The orc priest mumbles some strange prayers to Beogh against you.
Beogh smites you!
Unknown command.
The orc warrior throws a tomahawk.
The tomahawk hits you!
The orc priest mumbles some strange prayers to Beogh against you.
Pain shoots through your body!
* * * LOW HITPOINT WARNING * * *
There is a stone staircase leading down, spattered with blood here.
You see here a tomahawk.
Unknown command.
The orc warrior throws a tomahawk.
The tomahawk hits you!!
Ouch! That really hurt!
You die...

.. ...
%#####...
......<..
#.....#
#.....###
#.Yo...>.
#oooo.###
#.....#
#$@..##
#...%#
......#
###...##
#...#
#...#
#####


You could see an orc warrior, an ice beast, 2 orc priests and 2 orcs.

Vanquished Creatures
  An adder (D:2)
  2 worms
  A dart slug (D:3)
  5 bats
  2 giant cockroaches
  A goblin (D:1)
  4 hobgoblins
  A quokka (D:2)
  A ball python (D:2)
  A frilled lizard (D:2)
  2 kobolds
  4 rats
  A toadstool (D:1)
26 creatures vanquished.

Vanquished Creatures (others)
  3 toadstools (D:1)
3 creatures vanquished.

Grand Total: 29 creatures vanquished

Notes
Turn   | Place    | Note
-------+----------+-------------------------------------------
     0 | D:1      | 4thArraOfDagon the Vampire Wanderer began the quest for the Orb.
     0 | D:1      | 4thArraOfDagon set off with: a +2 scale mail, a +0 hand crossbow, 25 bolts, a potion of curing, a potion of blood
     0 | D:1      | Reached XP level 1. HP: 16/16 MP: 1/1
    85 | D:2      | Reached skill level 2 in Fighting
   226 | D:2      | Reached XP level 2. HP: 23/23 MP: 2/2
   267 | D:2      | Found a faded altar of an unknown god.
   274 | D:2      | Became a worshipper of Ashenzari the Shackled
   274 | D:2      | Reached * piety under Ashenzari
   281 | D:2      | Reached skill level 3 in Fighting
   443 | D:1      | Reached XP level 3. HP: 29/29 MP: 3/3
   739 | D:3      | You fall through a shaft for 3 floors!
   739 | D:6      | Found a blossoming altar of Fedhas.
   739 | D:6      | Noticed an orc warrior
   739 | D:6      | Noticed an ice beast
   743 | D:6      | Hit by a tomahawk thrown by an orc warrior

Vault maps used:
D:1:      ldierk_water_garden
D:2:      chequers_ecumenical_altar_simple_redux, minmay_pentomino_z2
D:3:      uniq_terence, uniq_natasha
D:6:      fedhas_altar_3

Skill      XL: |  1  2 |
---------------+-------+-----
Fighting       | 2 3 |  3.4
Short Blades   | |  1.1
Crossbows      | |  1.5
Throwing       | |  1.0
Armour         | |  1.5
Dodging        | |  1.1
Stealth        | |  1.5

Action                   || total
-------------------------++-------
Melee: Dagger            ||    99
       Unarmed           ||     3
       Bite              ||    11
 Fire: Hand crossbow     ||    13
  Eat: Corpse            ||     7
Armor: Scale mail        ||    60
Dodge: Dodged            ||    58
